SAAA
TORTOLITA DRUMMERS @ HIALEAH DODOS
08/31/2042
 
TOP OF THE 1ST
Tortolita Drummers batting - Pitching for Hialeah Dodos : RHP Kagetoki Matsubara
Pitching: RHP Kagetoki Matsubara
Batting: RHB Alberto Ramírez 0-0: Ball
1-0: Swinging Strike
1-1: Ball
2-1: Ball
3-1: Base on Balls
Batting: RHB Jesús Torres 0-0: Called Strike
Alberto Ramírez steals 2nd base
0-1: Ball
1-1: Ball
2-1: Foul Ball, location: 2F
2-2: Foul Ball, location: 2F
2-2: Foul Ball, location: 2F
2-2: Foul Ball, location: 2F
2-2: Fly out, F8 (Flyball, 8LD, EV 88.8 MPH)
Batting: LHB Carlos Leyva 0-0: Ball
1-0: Swinging Strike
1-1: Ball
2-1: Foul Ball, location: 2F
2-2: Foul Ball, location: 2F
2-2: Ball
Wild Pitch!
Alberto Ramírez to third
3-2: Base on Balls
Batting: LHB Rick Crockett 0-0: Ball
Carlos Leyva steals 2nd base (no throw)
1-0: Called Strike
1-1: Foul Ball, location: 2F
1-2: Foul Ball, location: 2F
1-2: Foul Ball, location: 2F
1-2: Ball
2-2: Ground out 1-3 (Groundball, 13S, EV 68.1 MPH)
Batting: RHB Omer Yurtseven 0-0: Ground out 6-3 (Groundball, 6, EV 100.6 MPH)
Top of the 1st over - 0 runs, 0 hits, 0 errors, 2 left on base; Tortolita 0 - Hialeah 0
BOTTOM OF THE 1ST
Hialeah Dodos batting - Pitching for Tortolita Drummers : LHP Zalontae Hillary
Pitching: LHP Zalontae Hillary
Batting: RHB Sergio San Martín 0-0: Ball
1-0: Swinging Strike
1-1: Ball
2-1: Ground out 5-3 (Groundball, 56S, EV 81.2 MPH)
Batting: LHB Richard Edwards 0-0: Swinging Strike
0-1: Ball
1-1: Ball
2-1: Foul Ball, location: 2F
2-2: Ball
3-2: DOUBLE (Line Drive, 78D, EV 98.1 MPH)
Batting: RHB Juan Reyes 0-0: Ball
1-0: Fly out, F7 (Line Drive, 7, EV 95.6 MPH)
Batting: LHB Keith Pick 0-0: Ball
1-0: SINGLE (Groundball, 34D, EV 103.8 MPH)
Richard Edwards to third
Runner from 3rd tries for Home, SAFE, throw by RF to home
Batting: LHB Gabriel Montoya 0-0: Foul Ball, location: 2F
0-1: Foul Ball, location: 2F
0-2: Foul Ball, location: 2F
0-2: Foul Ball, location: 2F
0-2: Ball
1-2: Fly out, F7 (Flyball, 7LS, EV 83.1 MPH)
Bottom of the 1st over - 1 run, 2 hits, 0 errors, 1 left on base; Tortolita 0 - Hialeah 1
TOP OF THE 2ND
Tortolita Drummers batting - Pitching for Hialeah Dodos : RHP Kagetoki Matsubara
Batting: RHB Ken Moore 0-0: Called Strike
0-1: Fly out, F9 (Line Drive, 9, EV 93.1 MPH)
Batting: SHB Fernando Rincón 0-0: Foul Ball, location: 2F
0-1: Swinging Strike
0-2: Ball
1-2: Ball
2-2: Strikes out swinging
Batting: SHB John Wilder 0-0: Called Strike
0-1: Ball
1-1: Swinging Strike
1-2: Ball
2-2: Foul Ball, location: 2F
2-2: Foul Ball, location: 2F
2-2: Ball
3-2: DOUBLE (Flyball, 89D, EV 102.5 MPH)
Batting: RHB Graeme Dormer 0-0: Foul Ball, location: 2F
0-1: SINGLE (Flyball, 8RS, EV 95.6 MPH)
John Wilder to third
Runner from 3rd tries for Home, SAFE, no throw by CF
Batting: RHB Alberto Ramírez 0-0: Called Strike
0-1: Foul Ball, location: 2F
0-2: Fly out, F8 (Flyball, 8RS, EV 71.2 MPH)
Top of the 2nd over - 1 run, 2 hits, 0 errors, 1 left on base; Tortolita 1 - Hialeah 1
BOTTOM OF THE 2ND
Hialeah Dodos batting - Pitching for Tortolita Drummers : LHP Zalontae Hillary
Batting: LHB Ramón Morterero 0-0: Fly out, F7 (Flyball, 78M, EV 76.2 MPH)
Batting: RHB Chrysler Rodriguez 0-0: SINGLE (Flyball, 89M, EV 96.9 MPH)
Batting: RHB Yaakov Shmerkin 0-0: Ball
1-0: Ball
2-0: Fly out, F8 (Line Drive, 8RM, EV 93.8 MPH)
Batting: SHB Xavier Mercier 0-0: Called Strike
0-1: Ball
1-1: Ball
2-1: 2-RUN HOME RUN (Flyball, 78XD, EV 98.8 MPH), Distance : 405 ft
Batting: RHB Sergio San Martín 0-0: Ball
1-0: Swinging Strike
1-1: SINGLE (Groundball, 4MD, EV 103.1 MPH)
Batting: LHB Richard Edwards 0-0: Ball
Sergio San Martín steals 2nd base
1-0: Called Strike
1-1: Fly out, F8 (Flyball, 8RM, EV 76.9 MPH)
Bottom of the 2nd over - 2 runs, 3 hits, 0 errors, 1 left on base; Tortolita 1 - Hialeah 3
TOP OF THE 3RD
Tortolita Drummers batting - Pitching for Hialeah Dodos : RHP Kagetoki Matsubara
Batting: RHB Jesús Torres 0-0: Ball
1-0: Called Strike
1-1: Foul Ball, location: 2F
1-2: SINGLE (Line Drive, 8RS, EV 102.5 MPH)
Batting: LHB Carlos Leyva 0-0: Ball
Jesús Torres is caught stealing 2nd base 2-6
1-0: Ball
2-0: Ball
3-0: Called Strike
3-1: Called Strike
3-2: SINGLE (Line Drive, 89S, EV 94.4 MPH)
Batting: LHB Rick Crockett 0-0: Ball
1-0: Called Strike
1-1: Ball
2-1: Foul Ball, location: 2F
2-2: Foul Ball, location: 2F
2-2: Grounds into double play, 4-6-3 (Groundball, 4M, EV 83.8 MPH)
Top of the 3rd over - 0 runs, 2 hits, 0 errors, 0 left on base; Tortolita 1 - Hialeah 3
BOTTOM OF THE 3RD
Hialeah Dodos batting - Pitching for Tortolita Drummers : LHP Zalontae Hillary
Batting: RHB Juan Reyes 0-0: Foul Ball, location: 2F
0-1: Fly out, F9 (Flyball, 9D, EV 80.6 MPH)
Batting: LHB Keith Pick 0-0: Ball
1-0: Ground out 4-3 (Groundball, 4, EV 78.8 MPH)
Batting: LHB Gabriel Montoya 0-0: Ball
1-0: SINGLE (Line Drive, 4MD, EV 99.4 MPH)
Batting: LHB Ramón Morterero 0-0: Ball
1-0: Fly out, F7 (Flyball, 78S, EV 90.0 MPH)
Bottom of the 3rd over - 0 runs, 1 hit, 0 errors, 1 left on base; Tortolita 1 - Hialeah 3
TOP OF THE 4TH
Tortolita Drummers batting - Pitching for Hialeah Dodos : RHP Kagetoki Matsubara
Batting: RHB Omer Yurtseven 0-0: Ball
1-0: Called Strike
1-1: Ball
2-1: SINGLE (Groundball, 13S, EV 62.5 MPH) (infield hit)
Batting: RHB Ken Moore 0-0: Ball
1-0: Foul Ball, location: 2F
1-1: Ball
2-1: SINGLE (Groundball, 6MD, EV 104.4 MPH)
Omer Yurtseven to second
Batting: SHB Fernando Rincón 0-0: Ball
1-0: SINGLE (Groundball, 34D, EV 96.9 MPH)
Omer Yurtseven to third
Ken Moore to second
Runner from 3rd tries for Home, SAFE, throw by RF to home
Batting: SHB John Wilder 0-0: Called Strike
0-1: Ball
1-1: Fly out, F8 (Flyball, 8LM, EV 86.9 MPH)
Batting: RHB Graeme Dormer 0-0: Called Strike
0-1: Ball
1-1: SINGLE (Groundball, 4MD, EV 95.0 MPH)
Ken Moore to third
Fernando Rincón to second
Runner from 3rd tries for Home, SAFE, throw by CF to home
Pitching: RHP Nam Yee Yong
Batting: RHB Alberto Ramírez 0-0: Ball
1-0: SINGLE (Groundball, 4MD, EV 96.9 MPH)
Fernando Rincón to third
Graeme Dormer to second
Batting: RHB Jesús Torres 0-0: Called Strike
0-1: Swinging Strike
0-2: Ball
1-2: Ball
2-2: Foul Ball, location: 2F
2-2: Ball
3-2: SINGLE (Flyball, 7LS, EV 90.6 MPH)
Fernando Rincón scores
Graeme Dormer to third
Alberto Ramírez to second
Batting: LHB Carlos Leyva 0-0: Called Strike
0-1: Ball
1-1: Fly out, F7 (Line Drive, 7D, EV 102.5 MPH)
Runner from 3rd tags up, SCORES, no throw by LF
Alberto Ramírez to third
Batting: LHB Rick Crockett 0-0: Called Strike
0-1: Foul Ball, location: 2F
0-2: Ball
1-2: Ball
2-2: Ground out 5-3 (Groundball, 5S, EV 87.5 MPH)
Top of the 4th over - 4 runs, 6 hits, 0 errors, 2 left on base; Tortolita 5 - Hialeah 3
BOTTOM OF THE 4TH
Hialeah Dodos batting - Pitching for Tortolita Drummers : LHP Zalontae Hillary
Batting: RHB Chrysler Rodriguez 0-0: Fly out, F8 (Line Drive, 8RM, EV 98.8 MPH)
Batting: RHB Yaakov Shmerkin 0-0: Called Strike
0-1: Ball
1-1: Fly out, F5 (Popup, 5, EV 82.5 MPH)
Batting: SHB Xavier Mercier 0-0: Called Strike
0-1: Ground out 5-3 (Groundball, 5S, EV 81.9 MPH)
Bottom of the 4th over - 0 runs, 0 hits, 0 errors, 0 left on base; Tortolita 5 - Hialeah 3
TOP OF THE 5TH
Tortolita Drummers batting - Pitching for Hialeah Dodos : RHP Nam Yee Yong
Batting: RHB Omer Yurtseven 0-0: Ball
1-0: Ball
2-0: SINGLE (Flyball, 89S, EV 90.0 MPH)
Batting: RHB Ken Moore 0-0: Ball
1-0: Ball
2-0: Bunted foul
2-1: Bunt missed!
2-2: Ball
3-2: Strikes out swinging
Batting: SHB Fernando Rincón 0-0: Called Strike
0-1: Ball
1-1: Foul Ball, location: 2F
1-2: Foul Ball, location: 2F
1-2: Ball
2-2: Ball
3-2: Foul Ball, location: 2F
3-2: Foul Ball, location: 2F
3-2: Foul Ball, location: 2F
3-2: Fly out, F8 (Flyball, 8RD, EV 96.2 MPH)
Batting: SHB John Wilder 0-0: DOUBLE (Flyball, 78XD, EV 108.1 MPH)
Omer Yurtseven to third
Batting: RHB Graeme Dormer 0-0: Called Strike
0-1: Ball
1-1: Called Strike
1-2: Foul Ball, location: 2F
1-2: Strikes out looking
Top of the 5th over - 0 runs, 2 hits, 0 errors, 2 left on base; Tortolita 5 - Hialeah 3
BOTTOM OF THE 5TH
Hialeah Dodos batting - Pitching for Tortolita Drummers : LHP Zalontae Hillary
Batting: RHB Sergio San Martín 0-0: Called Strike
0-1: Ball
1-1: Ball
2-1: Ball
3-1: Hit by Pitch
Batting: LHB Richard Edwards 0-0: Ball
1-0: Ball
2-0: Sac Bunt to 25 - play at first, batter OUT! 5-4
Sergio San Martín to second
Batting: RHB Juan Reyes 0-0: Called Strike
0-1: Called Strike
0-2: Ball
1-2: Foul Ball, location: 2F
1-2: Foul Ball, location: 2F
1-2: Ground out 5-3 (Groundball, 56, EV 86.2 MPH)
Batting: LHB Keith Pick 0-0: DOUBLE (Line Drive, 7LM, EV 105.0 MPH)
Sergio San Martín scores
Batting: LHB Gabriel Montoya 0-0: Ground out 1-3 (Groundball, 34S, EV 87.5 MPH)
Bottom of the 5th over - 1 run, 1 hit, 0 errors, 1 left on base; Tortolita 5 - Hialeah 4
TOP OF THE 6TH
Tortolita Drummers batting - Pitching for Hialeah Dodos : RHP Nam Yee Yong
Batting: RHB Alberto Ramírez 0-0: Ball
1-0: Ground out 1-3 (Groundball, P, EV 72.5 MPH)
Batting: RHB Jesús Torres 0-0: Ground out 5-3 (Groundball, 56, EV 85.0 MPH)
Batting: LHB Carlos Leyva 0-0: Ball
1-0: SOLO HOME RUN (Flyball, 89XD, EV 101.9 MPH), Distance : 400 ft
Batting: LHB Rick Crockett 0-0: Called Strike
0-1: Called Strike
0-2: Ball
1-2: Ground out 4-3 (Groundball, 4, EV 85.6 MPH)
Top of the 6th over - 1 run, 1 hit, 0 errors, 0 left on base; Tortolita 6 - Hialeah 4
BOTTOM OF THE 6TH
Hialeah Dodos batting - Pitching for Tortolita Drummers : LHP Zalontae Hillary
Batting: LHB Ramón Morterero 0-0: Ball
1-0: Ball
2-0: Swinging Strike
2-1: Ball
3-1: Ground out 5-3 (Groundball, 56, EV 103.1 MPH)
Batting: RHB Chrysler Rodriguez 0-0: Ball
1-0: Fly out, F7 (Flyball, 78M, EV 93.8 MPH)
Batting: RHB Yaakov Shmerkin 0-0: Fly out, F8 (Flyball, 8LM, EV 88.1 MPH)
Bottom of the 6th over - 0 runs, 0 hits, 0 errors, 0 left on base; Tortolita 6 - Hialeah 4
TOP OF THE 7TH
Tortolita Drummers batting - Pitching for Hialeah Dodos : RHP Nam Yee Yong
Batting: RHB Omer Yurtseven 0-0: Ball
1-0: SINGLE (Line Drive, 9S, EV 97.5 MPH)
Pitching: RHP Alfredo Franco
Batting: RHB Ken Moore 0-0: Ball
1-0: Sac Bunt to 2L - play at first, batter OUT! 2-4
Omer Yurtseven to second
Batting: SHB Fernando Rincón 0-0: Ball
1-0: Foul Ball, location: 2F
1-1: Ball
2-1: DOUBLE (Line Drive, 89M, EV 108.1 MPH)
Omer Yurtseven scores
Batting: SHB John Wilder 0-0: Intentional Walk
Batting: RHB Graeme Dormer 0-0: Ball
1-0: Called Strike
1-1: Called Strike
1-2: Strikes out swinging
Batting: RHB Alberto Ramírez 0-0: Called Strike
0-1: Ground out 4-3 (Groundball, 4, EV 83.1 MPH)
Top of the 7th over - 1 run, 2 hits, 0 errors, 2 left on base; Tortolita 7 - Hialeah 4
BOTTOM OF THE 7TH
Hialeah Dodos batting - Pitching for Tortolita Drummers : LHP Zalontae Hillary
Batting: SHB Xavier Mercier 0-0: Fly out, F9 (Flyball, 89M, EV 88.1 MPH)
Batting: RHB Sergio San Martín 0-0: Called Strike
0-1: Ball
1-1: Swinging Strike
1-2: Strikes out swinging
Batting: LHB Richard Edwards 0-0: Ball
1-0: Ball
2-0: Ball
3-0: Base on Balls
Batting: RHB Juan Reyes 0-0: Ball
1-0: Fly out, F9 (Flyball, 9LD, EV 94.4 MPH)
Bottom of the 7th over - 0 runs, 0 hits, 0 errors, 1 left on base; Tortolita 7 - Hialeah 4
TOP OF THE 8TH
Tortolita Drummers batting - Pitching for Hialeah Dodos : RHP Alfredo Franco
Batting: RHB Jesús Torres 0-0: Ball
1-0: SINGLE (Groundball, 6D, EV 93.8 MPH)
Batting: LHB Carlos Leyva 0-0: Ball
1-0: Ball
2-0: SINGLE (Groundball, 15S, EV 72.5 MPH) (infield hit)
Jesús Torres to second
Batting: LHB Rick Crockett 0-0: Swinging Strike
0-1: Fly out, F7 (Flyball, 7, EV 88.8 MPH)
Batting: RHB Omer Yurtseven 0-0: Ball
1-0: Ball
2-0: Ball
3-0: Called Strike
3-1: SINGLE (Flyball, 7LS, EV 89.4 MPH)
Jesús Torres to third
Carlos Leyva to second
Runner from 3rd tries for Home, SAFE, throw by LF to home
Batting: RHB Ken Moore 0-0: Called Strike
0-1: Foul Ball, location: 2F
0-2: Strikes out swinging
Batting: SHB Fernando Rincón 0-0: Ball
1-0: Ground out U3 (Groundball, 3, EV 87.5 MPH)
Top of the 8th over - 1 run, 3 hits, 0 errors, 2 left on base; Tortolita 8 - Hialeah 4
BOTTOM OF THE 8TH
Hialeah Dodos batting - Pitching for Tortolita Drummers : LHP Zalontae Hillary
Batting: LHB Keith Pick 0-0: Called Strike
0-1: Ball
1-1: Ball
2-1: Foul Ball, location: 2F
2-2: Ball
3-2: SINGLE (Groundball, 6, EV 78.1 MPH) (infield hit)
Batting: LHB Gabriel Montoya 0-0: Ball
1-0: DOUBLE (Line Drive, 7LM, EV 90.6 MPH)
Keith Pick to third
Batting: LHB Ramón Morterero 0-0: Ball
1-0: Ball
2-0: Ball
3-0: Called Strike
3-1: Called Strike
3-2: SINGLE (Groundball, 6MD, EV 95.0 MPH)
Keith Pick scores
Gabriel Montoya to third
Runner from 3rd tries for Home, throw by CF and OUT! 8-2
Ramón Morterero to second
Pitching: RHP Carlos Taváres
Batting: RHB Chrysler Rodriguez 0-0: Called Strike
0-1: Ball
1-1: Foul Ball, location: 2F
1-2: Foul Ball, location: 2F
1-2: Foul Ball, location: 2F
1-2: Fly out, F8 (Flyball, 89M, EV 80.6 MPH)
Batting: RHB Yaakov Shmerkin 0-0: Ball
1-0: Foul Ball, location: 2F
1-1: Ball
2-1: Foul Ball, location: 2F
2-2: Fly out, F7 (Flyball, 7LS, EV 85.0 MPH)
Bottom of the 8th over - 1 run, 3 hits, 0 errors, 1 left on base; Tortolita 8 - Hialeah 5
TOP OF THE 9TH
Tortolita Drummers batting - Pitching for Hialeah Dodos : RHP Alfredo Franco
Batting: SHB John Wilder 0-0: Called Strike
0-1: Swinging Strike
0-2: Ball
1-2: Ball
2-2: Ball
3-2: Base on Balls
Batting: RHB Graeme Dormer 0-0: Sac Bunt to 5S - play at first, batter OUT! 5-3
John Wilder to second
Batting: RHB Alberto Ramírez 0-0: Called Strike
0-1: Ball
1-1: Foul Ball, location: 2F
1-2: Ball
2-2: Foul Ball, location: 2F
2-2: Fly out, F6 (Line Drive, 6, EV 63.8 MPH)
Batting: RHB Jesús Torres 0-0: Ball
1-0: Ball
2-0: Called Strike
2-1: Ball
3-1: Base on Balls
Batting: LHB Carlos Leyva 0-0: Ball
1-0: Called Strike
1-1: Foul Ball, location: 2F
1-2: Ball
2-2: Strikes out swinging
Top of the 9th over - 0 runs, 0 hits, 0 errors, 2 left on base; Tortolita 8 - Hialeah 5
BOTTOM OF THE 9TH
Hialeah Dodos batting - Pitching for Tortolita Drummers : RHP Carlos Taváres
Batting: SHB Xavier Mercier 0-0: Called Strike
0-1: Ball
1-1: Foul Ball, location: 2F
1-2: Ball
2-2: Fly out, F8 (Line Drive, 8RM, EV 94.4 MPH)
Batting: RHB Sergio San Martín 0-0: Fly out, F7 (Flyball, 78S, EV 80.6 MPH)
Batting: LHB Richard Edwards 0-0: Ball
1-0: Ball
2-0: Ball
3-0: Called Strike
3-1: Base on Balls
Batting: RHB Juan Reyes 0-0: Ball
1-0: Ball
2-0: Foul Ball, location: 2F
2-1: Foul Ball, location: 2F
2-2: Ball
3-2: Strikes out swinging
Bottom of the 9th over - 0 runs, 0 hits, 0 errors, 1 left on base; Tortolita 8 - Hialeah 5
Friday, March 26th, 2021 - OOTP Baseball 20.8 Build 74